[Event "SixDays Budapest March GM B 2025"]
[Site "Budapest"]
[Date "2025.03.27"]
[Round "6.1"]
[White "Pap, Gyula"]
[Black "Mayank Chakraborty"]
[Result "1/2-1/2"]
[Annotator "TA"]
[ECO "C01"]
[WhiteElo "2475"]
[BlackElo "2444"]
[PlyCount "42"]
[EventDate "2025.03.23"]
[EventType "tourn"]
[EventCountry "HUN"]
[SourceTitle "playchess.com"]
[Source "ChessBase"]
[SourceQuality "1"]
[TimeControl "5400+30"]

1. e4 e6 2. d4 d5 3. exd5 exd5 4. Nf3 Nf6 5. Bd3 Bd6 6. O-O O-O 7. Bg5 Bg4 8. Nbd2 Nbd7 9. c3 c6 10. Qc2 Qc7 11. Rae1 {[%emt 0:01:00] The position is equal.} Rfe8 {[%emt 0:02:09] C01: French: Exchange Variation.} 12. Bh4 Bh5 13. Bg3 Bxg3 14. hxg3 Bg6 15. Bxg6 hxg6 16. Rxe8+ Rxe8 17. Re1 Qd6 18. Rxe8+ $146 (18. Qb1 c5 19. Rxe8+ Nxe8 20. Qe1 Nc7 21. Qe2 a6 22. Nb3 c4 23. Nbd2 b5 24. a3 {½-½ Piliciauskas,P (1728)-Juksta,K (1760) LTU-ch U12 Vilnius 2015 (4.1)}) 18... Nxe8 19. Qa4 a6 20. Qb3 Qc7 21. Qd1 Nd6 {[%emt 0:03:17] An uneventful encounter.   Weighted Error Value: White=0.06 (flawless) /Black=0.05 (flawless)   OK:         	White=2     	Black=4} 1/2-1/2

[Event "SixDays Budapest March GM B 2025"]
[Site "Budapest"]
[Date "2025.03.27"]
[Round "6.2"]
[White "Baasansuren, Erdene"]
[Black "Sklokin, Sergey"]
[Result "1-0"]
[Annotator "TA"]
[ECO "E01"]
[WhiteElo "2394"]
[BlackElo "2338"]
[PlyCount "89"]
[EventDate "2025.03.23"]
[EventType "tourn"]
[EventCountry "HUN"]
[SourceTitle "playchess.com"]
[Source "ChessBase"]
[SourceQuality "1"]
[TimeControl "5400+30"]

1. d4 d5 2. c4 e6 3. g3 Nf6 4. Bg2 Bb4+ 5. Nd2 O-O 6. Ngf3 b6 7. O-O Bb7 8. a3 Be7 9. cxd5 exd5 10. b4 {[%emt 0:00:03] E16: Queen's Indian: 4 g3 Bb7 5 Bg2 Bb4+.} a5 11. b5 c6 12. Qa4 {[%emt 0:00:09] The position is equal. 12.bxc6 is vanishing.} cxb5 13. Qxb5 Ba6 14. Qb2 Nbd7 {[%emt 0:00:11] is more profitable than 14...Nc6 at the moment.} 15. Ne5 Nxe5 16. dxe5 Nd7 17. Nf3 (17. Bxd5 $5 Bxe2 18. Re1 $16) 17... Nc5 18. Nd4 Rc8 $146 ({Predecessor:} 18... Qd7 19. Bf4 b5 20. h4 Rfc8 21. Qa2 Ne6 22. Rfd1 Nxf4 23. gxf4 Bb7 24. Qb3 Rc4 25. Qxb5 Qxb5 26. Nxb5 Rxf4 {1-0 Chigaev,M (2628)-Can,E (2575) Sharjah Masters 6th 2023 (3)}) 19. Be3 Na4 20. Qd2 Qd7 {[%emt 0:24:03] [#]} (20... Bc5 $14) 21. e6 $1 $16 fxe6 {[%emt 0:02:50] [#]} 22. Nxe6 $1 {[%emt 0:00:18][%csl Od5][%mdl 512] White attacks a weakness} Rf5 (22... Qxe6 $2 23. Bxd5 Bc4 24. Bxe6+ $18) 23. Nf4 Nc3 24. Bh3 g5 $1 25. Nd3 (25. Bd4 Ne4 26. Qb2 (26. Bxf5 $2 Qxf5 27. Nxd5 Qxd5 $19) 26... gxf4 $17) 25... Bf6 {[%emt 0:02:39][%cal Od5d4] Prevents Bd4} 26. Bxb6 d4 27. Bxa5 Bb7 (27... h5 $16) 28. Bxc3 (28. Bxf5 $6 Qxf5 29. Bb4 Qe4 $14) 28... dxc3 29. Qc2 (29. Bxf5 Qxf5 30. Qc2 Bd4 $11) 29... Bd4 30. Rab1 Ba8 {[%emt 0:00:38][%cal Od7c6] [#] And now ...Qc6! would win.} 31. Nf4 $1 Qc6 32. Bg2 (32. Qxf5 $2 Qh1#) 32... Qf6 33. Bxa8 $1 gxf4 (33... Rxa8 $16 {was necessary.} 34. Nd3 Rf8 35. Qb3+ (35. e3 Bxe3 36. Qe2 Bd4 $11) 35... Kh8) 34. Be4 $18 Rh5 35. Bf3 Rh6 {[%emt 0:01:23] [#]} 36. Rfd1 ({Better is} 36. Qe4 $1) 36... fxg3 (36... Kh8 $16) 37. hxg3 Qe5 38. e3 Bxe3 {[%emt 0:00:14] [#]} 39. Kg2 $36 {[%emt 0:00:44][%cal Od1e1][%mdl 2048] And now Re1! would win. White is in control.} ({But not} 39. fxe3 Kh8) 39... Bc5 (39... Bd4 $142 40. Rb4 Rd6) 40. Rd5 Qg7 {[%emt 0:00:34] [#]} (40... Qf6 41. Rf5 Qd4) 41. Rxc5 $1 {[%emt 0:00:31][%mdl 512] White is clearly winning.} Rxc5 (41... Rf8 42. Rb7) 42. Rb8+ Qf8 43. Qb3+ Kg7 44. Rxf8 Kxf8 45. Qb4 {[%emt 0:00:09] Weighted Error Value: White=0.10 (very precise) /Black=0.84  Mistake:       	White=1     	Black=7      Inaccurate:     	White=2     	Black=2      OK:         	White=12    	Black=10     Best:        	White=3     	Black=2      Strong:       	White=1     	Black=1      Brilliant:      	White=3     	---} 1-0

[Event "SixDays Budapest March GM B 2025"]
[Site "Budapest"]
[Date "2025.03.27"]
[Round "6.3"]
[White "Grover, Sahaj"]
[Black "Sandoval Mercado, Carlos"]
[Result "0-1"]
[Annotator "TA"]
[ECO "B87"]
[WhiteElo "2469"]
[BlackElo "2383"]
[PlyCount "62"]
[EventDate "2025.03.23"]
[EventType "tourn"]
[EventCountry "HUN"]
[SourceTitle "playchess.com"]
[Source "ChessBase"]
[SourceQuality "1"]
[TimeControl "5400+30"]

1. e4 c5 2. Nf3 d6 3. d4 cxd4 4. Nxd4 Nf6 5. Nc3 a6 6. Bc4 e6 7. Bb3 b5 8. Qf3 Bb7 9. O-O {[%emt 0:00:07][%cal Ob3e6] B87: Sicilian Scheveningen/Najdorf: 6 Bc4, with early ...b5.} Nbd7 10. Re1 Be7 (10... Nc5 $1 $11) 11. Qg3 (11. Bxe6 $1 $16 Ne5 (11... fxe6 12. Nxe6 Ne5 13. Qh3 $11) 12. Qh3) 11... Ne5 12. f3 {[%emt 0:21:38] Inhibits Nfg4.} (12. Qxg7 $14 Rg8 13. Qh6) 12... O-O $1 $11 13. Bxe6 $146 ({Predecessor:} 13. Rd1 Rc8 14. Nce2 Nfd7 15. c3 Nc5 16. Bc2 Bf6 17. Nf4 g6 18. Nfe2 Re8 19. Kh1 {½-½ Mokrys,C (2511)-Pellen,M (2487) Klovans Memorial email 2011}) 13... Ne8 {[%emt 0:17:52] Black sacrificed a pawn} (13... fxe6 $2 14. Nxe6 Qb6+ 15. Be3 $18) (13... Nfg4 $15 14. Nf5 (14. Bxg4 Bh4 $17) 14... fxe6 15. Nxe7+ Qxe7 16. fxg4 b4) 14. Bf5 $1 $14 g6 15. Rd1 $1 Ng7 {[%emt 0:13:19][%cal Oe7h4] [#]} 16. Bh3 ({Better is} 16. f4 $1 $16) 16... Bh4 $36 {[%emt 0:03:12][%mdl 2048] Black is pushing.} 17. Qf4 {[%emt 0:00:04] Strongly threatening b3.} Nc4 $1 18. Qh6 {[%emt 0:02:38] [#]} (18. Nd5 $1 $11) 18... Nxb2 $1 $17 19. Rf1 (19. Bxb2 $2 {is the wrong capture.} Bg5 $19) 19... Nc4 20. Nd1 Bf6 21. c3 b4 22. Ne2 (22. Rb1 $142) 22... d5 23. exd5 (23. Nf2 $17) 23... Qxd5 (23... Re8 $19 24. Ng3 Bxd5 (24... bxc3 $2 25. Ne4 $19)) 24. Rb1 (24. Ng3 $17) 24... Rfe8 25. Ng3 bxc3 26. Ne4 (26. Nf2 {was necessary.}) 26... Qd4+ $19 27. Nef2 Bc6 {[%emt 0:01:52] ...c2 would now be deadly.} 28. Rb3 c2 29. Ne3 Bb5 (29... Nxe3 $142 30. Bxe3 Qc4) 30. Re1 (30. Nxc2 Qc5 31. Nb4) 30... Qc5 31. Ne4 {[%emt 0:00:21] [#] Repels Bg5} (31. Nxc2 $142 Rad8 32. Rxb5 Rxe1+ (32... Qxb5 $2 33. Ne4 $19) (32... axb5 $2 33. Kf1 $19) 33. Nxe1 axb5 34. Kf1) 31... Rxe4 $1 {[%emt 0:00:08][%mdl 512] Weighted Error Value: White=0.60/Black=0.28 (precise)   Mistake:       	White=10    	Black=4      Inaccurate:     	White=2     	Black=2      OK:         	White=6     	Black=2      Best:        	---       	Black=4      Strong:       	White=2     	Black=2      Brilliant:      	---       	Black=2} 0-1

[Event "SixDays Budapest March GM B 2025"]
[Site "Budapest"]
[Date "2025.03.27"]
[Round "6.4"]
[White "Mirzoev, Azer"]
[Black "Li, Wenxiang"]
[Result "1-0"]
[Annotator "TA"]
[ECO "D11"]
[WhiteElo "2470"]
[BlackElo "2260"]
[PlyCount "149"]
[EventDate "2025.03.23"]
[EventType "tourn"]
[EventCountry "HUN"]
[SourceTitle "playchess.com"]
[Source "ChessBase"]
[SourceQuality "1"]
[TimeControl "5400+30"]

1. d4 d5 2. c4 c6 3. Nf3 Nf6 4. Qc2 dxc4 5. Qxc4 Bg4 6. Nbd2 Nbd7 {[%emt 0:00:12] D23: Queen's Gambit Accepted: 3 Nf3 Nf6 sidelines.} 7. g3 e6 8. Bg2 Be7 {[%emt 0:00:08] The position is equal.} 9. O-O O-O 10. Qb3 Qb6 11. Nc4 Qa6 12. Bf4 Nb6 13. Rfc1 Nxc4 14. Rxc4 $146 (14. Qxc4 Qxc4 15. Rxc4 Rfd8 16. Rac1 Nd5 17. h3 Bh5 18. Bd2 Nb6 19. Ba5 Bxf3 20. Bxf3 {0-1 Kessler,L (2407)-Schneider,I (2507) AUT-chT 1819 2018 (4.1)}) 14... Qb6 15. h3 Bf5 16. Ne5 h6 17. g4 Bh7 18. e3 Rfd8 19. Rcc1 Bd6 20. Bh2 Ne4 21. Rd1 Nf6 22. Rac1 Be4 23. f3 Bh7 24. e4 Nd7 25. Nc4 Bxh2+ 26. Kxh2 Qc7+ 27. Kg1 Nb6 28. Ne3 Rd7 29. Rd2 Rad8 30. Rcd1 Qf4 31. Nf1 Qf6 32. Qc3 Nc8 33. b3 Ne7 34. Ng3 Ng6 35. Ne2 Qg5 36. Rd3 Nh4 (36... f5 $15 {is superior.}) 37. Bh1 $11 f5 38. Qd2 fxe4 39. Qxg5 hxg5 40. fxe4 Kf8 41. Rf1+ Ke7 42. Rc3 e5 43. d5 cxd5 (43... Ng6 $11) 44. exd5 $14 e4 45. Ng3 Rxd5 46. Nxe4 Bxe4 47. Bxe4 Rd2 48. Bxb7 Ng6 49. Re3+ Kd6 50. Rf2 Kc7 51. Ba6 Nf4 52. a4 Kb6 53. Bf1 Kc5 (53... Rd1 $142) 54. Rxd2 $1 $16 Rxd2 {[%emt 0:00:02][%mdl 4096] Endgame KRB-KRN. White is a pawn up.} 55. Re7 Kd4 56. Rxa7 Rb2 57. Rxg7 ({Better is} 57. Bc4 $16) 57... Rb1 $11 58. Rc7 (58. Rxg5 $2 {loses.} Nxh3+ 59. Kg2 Nxg5 $19) (58. h4 $1 $16 Ke3 59. hxg5 (59. Rxg5 Nh3+ 60. Kg2 Nf4+ 61. Kg3 Rxf1 $16) 59... Ne2+ 60. Kg2 Nf4+ 61. Kg3 (61. Kg1 Ne2+ 62. Kg2 Nf4+ 63. Kg3 Rxf1 $16) 61... Rxf1 62. Re7+ Kd3 63. Re8) 58... Nxh3+ 59. Kh2 Nf4 60. Rc4+ Ke3 (60... Ke5 $11) 61. Rc3+ $14 Kd4 62. Rf3 Ke4 $2 (62... Ng6 $14) 63. Kg3 $18 Ra1 64. Rf2 $2 (64. Bg2 $18 {and Rf1+ should not be overlooked} Ke5 65. Re3+ Kd4 66. Re4+ Kc3 67. Re5) 64... Ke3 $11 65. Rf3+ $2 (65. b4 $11) 65... Ke4 $18 66. Bg2 Kd4 {[%emt 0:01:06] [#]} 67. Rxf4+ $1 gxf4+ 68. Kxf4 {[%emt 0:00:02] KR-KB} Ra3 $2 (68... Kc5 69. Be4 Ra3) 69. g5 {[%emt 0:00:09][%cal Bg4g5,Bg5g6,Bg6g7][%mdl 32] White is clearly winning.} Rxb3 {[%emt 0:00:14] [#]} 70. g6 $1 Rb2 71. Bf3 Rb8 72. Kg5 Rf8 73. Bd1 (73. Bg4 $142 Rd8 74. g7) 73... Ke5 74. g7 Rg8 75. Kg6 {[%emt 0:00:08] Weighted Error Value: White=0.11 (very precise) /Black=0.12 (very precise)   Loses game:     	---       	Black=1      Missed win:     	White=1     	---        Mistake:       	White=3     	Black=5      Inaccurate:     	White=3     	Black=6      OK:         	White=25    	Black=19     Best:        	White=4     	Black=8      Strong:       	White=1     	---} 1-0

[Event "SixDays Budapest March GM B 2025"]
[Site "Budapest"]
[Date "2025.03.27"]
[Round "6.5"]
[White "Nemeth, Zalan"]
[Black "Krishna C R G"]
[Result "1/2-1/2"]
[Annotator "RC"]
[ECO "D11"]
[WhiteElo "2341"]
[BlackElo "2418"]
[PlyCount "39"]
[EventDate "2025.03.23"]
[EventType "tourn"]
[EventCountry "HUN"]
[SourceTitle "playchess.com"]
[Source "ChessBase"]
[SourceQuality "1"]
[TimeControl "5400+30"]

1. d4 d5 2. c4 c6 3. Nf3 Nf6 4. e3 a6 5. Nc3 b5 6. cxd5 cxd5 7. Bd3 e6 8. O-O Bb7 9. Ne5 Nbd7 10. f4 Bd6 11. Bd2 Ne4 12. a4 b4 13. Nxe4 dxe4 14. Bc4 Rc8 15. Qb3 a5 16. Nxd7 Qxd7 17. Bb5 Bc6 18. Bxc6 Rxc6 19. Rfc1 Ke7 20. Rxc6 1/2-1/2